 Dungeon Crawl Stone Soup version 0.15-a0-86-gda4a099 (webtiles) character file.

1287 4tharraofdagon the Chopper (level 8, -9/52 HPs)
             Began as a Gargoyle Berserker on Apr 7, 2014.
             Was a Priest of Trog.
             Mangled by an orc warrior
             ... wielding a cursed +0,-3 halberd
              (15 damage)
             ... on Level 8 of the Dungeon.
             The game lasted 00:11:21 (1546 turns).

4tharraofdagon the Chopper (Gargoyle Berserker)     Turns: 1546, Time: 00:11:21

HP  -9/52        AC 12     Str 27      XL: 8   Next: 52%
MP   8/8         EV 10     Int  7 (9)  God: Trog [***...]
Gold 27          SH  0     Dex  9      Spells:  0 memorised,  7 levels left

rFire  + . .     SeeInvis .     a - +1,-2 hand axe
rCold  + + .     Clarity  .     n - +1 ring mail
rNeg   + . .     Conserve .     (no shield)
rPois  +         rCorr    .     (no helmet)
rElec  +         rRot     +     (no cloak)
SustAb . .       Spirit   .     (no gloves)
rMut   .         Warding  .     (no boots)
Saprov . . .     Stasis   .     (no amulet)
MR     .....                    (no ring)
                                o - ring of protection from cold {unknown}

@: invisible (expiring), exhausted, mighty, flying, very slightly contaminated,
hasted and slowed, not resistant to hostile enchantments, extremely unstealthy
A: life protection 1, electricity resistance, unbreathing, petrification
resistance, AC +5
a: Burn Spellbooks, Berserk, Trog's Hand, Renounce Religion


You were on level 8 of the Dungeon.
You worshipped Trog.
Trog was most pleased with you.
You were very hungry.

You visited 1 branch of the dungeon, and saw 9 of its levels.

You collected 102 gold pieces.
You spent 75 gold pieces at shops.

Inventory:

Hand weapons
 a - a +1,-2 hand axe (weapon)
 g - a cursed +0,+3 hand axe
Armour
 b - a +0 animal skin
 n - a +1 ring mail (worn)
Magical devices
 u - a wand of digging (14)
Comestibles
 c - 4 bread rations
 j - 2 pears
 A - a choko
 B - a meat ration
 D - an orange
 G - a chunk of hippogriff flesh
Scrolls
 e - 2 scrolls of fear {unknown}
 f - a scroll of enchant weapon I
 k - a scroll of amnesia {unknown}
 p - 4 scrolls of identify {unknown}
 r - 2 scrolls of magic mapping {unknown}
 s - 2 scrolls of teleportation
 t - 2 scrolls of recharging {unknown}
 v - 2 scrolls of remove curse {unknown}
 w - 3 scrolls of random uselessness {unknown}
 x - a scroll of blinking {unknown}
Jewellery
 o - a ring of protection from cold (left hand) {unknown}
 q - an uncursed ring of fire


   Skills:
 + Level 6.4 Fighting
 * Level 6.9 Axes
 + Level 6.0 Armour
 - Level 1.5 Dodging


You had 7 spell levels left.
You didn't know any spells.

Dungeon Overview and Level Annotations

Branches:
Dungeon (9/15)
 Temple: D:4-7          Orc: D:9-12        Lair: D:8-11

Altars:

Shops:
D:8 *%


Innate Abilities, Weirdness & Mutations

You are resistant to torment.
You are immune to poison.
You are immune to rotting.
Your stone body is very resilient (AC +5).
You resist negative energy.
You are resistant to electric shocks.
You can survive without breathing.
You are immune to petrification.


Message History

You feel less confused.
There is a stone staircase leading up here.
Unknown command.
The orc warrior hits you but does no damage.
You fly upwards.
Found two items.
There is a stone staircase leading down here.
Unknown command.
The orc warrior shouts!
You see here a fuming silvery potion.
d - a fuming silvery potion Unknown command.
You flicker for a moment.
The orc warrior shouts!
Drink which item? (? for menu, Esc to quit)
You feel protected.
It was a potion of resistance.
The orc warrior shouts!
The orc warrior hits you with a halberd!
You die...

# ##.##.....
#. ........#
.. #.##.##.#
#.#.##.......#
#............#
#>......#
#.......#
#..o....#
#..@....#
#.?.....#
#########


You could see an orc warrior.

Vanquished Creatures
  A hippogriff (D:8)
  Menkaure (D:7)
  2 centaurs
  Duvessa (D:5)
  3 scorpions
  4 killer bees (D:9)
  Dowan (D:5)
  An orc priest (D:5)
  2 jellies
  2 iguanas
  A hound (D:4)
  An orc wizard (D:9)
  4 worker ants
  Ijyb (D:5)
  3 adders
  2 shadow imps (D:8)
  A worm (D:8)
  3 giant geckos
  An ooze (D:3)
  4 orcs
  A ball python (D:5)
  5 giant cockroaches
  6 hobgoblins
  6 kobolds
  8 bats
  2 giant newts
  3 goblins
  7 rats
77 creatures vanquished.

Notes
Turn   | Place    | Note
--------------------------------------------------------------
     0 | D:1      | 4tharraofdagon, the Gargoyle Berserker, began the quest for the Orb.
     0 | D:1      | Reached XP level 1. HP: 14/14 MP: 1/1
    80 | D:1      | Reached XP level 2. HP: 13/19 MP: 2/2
   241 | D:3      | Acquired Trog's second power
   319 | D:3      | Reached XP level 3. HP: 21/23 MP: 3/3
   328 | D:4      | Noticed a scorpion
   336 | D:4      | Killed a scorpion
   336 | D:4      | Reached skill level 4 in Fighting
   336 | D:4      | Reached XP level 4. HP: 29/29 MP: 4/4
   392 | D:4      | Reached XP level 5. HP: 33/33 MP: 5/5
   418 | D:4      | Noticed a scorpion
   572 | D:4      | Killed a scorpion
   685 | D:5      | Entered Level 5 of the Dungeon
   730 | D:5      | Reached XP level 6. HP: 39/39 MP: 6/6
   772 | D:5      | Noticed Duvessa
   772 | D:5      | Noticed Dowan
   784 | D:5      | Killed Duvessa
   796 | D:5      | Killed Dowan
   796 | D:5      | Reached skill level 5 in Axes
   863 | D:5      | Reached skill level 5 in Fighting
   863 | D:5      | Reached XP level 7. HP: 44/44 MP: 7/7
   876 | D:5      | fuck
   878 | D:5      | WHY
   880 | D:5      | WHY
   932 | D:5      | Noticed Ijyb
   966 | D:5      | Killed Ijyb
  1026 | D:5      | Noticed an ogre
  1252 | D:7      | Noticed Menkaure
  1259 | D:7      | Killed Menkaure
  1259 | D:7      | Reached skill level 5 in Armour
  1358 | D:8      | Found Shreine's Assorted Antiques.
  1366 | D:8      | Bought a metallic green potion for 24 gold pieces
  1366 | D:8      | Bought a scroll labeled YSHREW THRASK for 27 gold pieces
  1366 | D:8      | Bought a green potion for 24 gold pieces
  1394 | D:8      | Noticed a hippogriff
  1402 | D:8      | Found Ghaih's Food Emporium.
  1413 | D:8      | Reached skill level 6 in Axes
  1413 | D:8      | Reached XP level 8. HP: 51/51 MP: 8/8
  1413 | D:8      | Killed a hippogriff
  1546 | D:8      | Mangled by an orc warrior

Action                   |  1- 3 |  4- 6 |  7- 9 || total
-------------------------+-------+-------+-------++-------
Melee: Hand axe          |    68 |    84 |   133 ||   285
Invok: Berserk           |     1 |     4 |     3 ||     8
       Trog's Hand       |       |     3 |     2 ||     5
Evoke: Wand              |       |     1 |       ||     1
  Use: Scroll            |       |       |     2 ||     2
       Potion            |       |       |     9 ||     9
 Stab: Sleeping          |     1 |       |       ||     1
